 Dungeon Crawl Stone Soup version 0.24-a0-497-g5a03d68f59 (webtiles) character file.

Game seed: 7808899738626107243

128 KristoblXynda the Slasher (level 4, -4/36 HPs)
             Began as a Draconian Skald on July 13, 2019.
             Slain by an orc
             ... wielding a +0 flail
              (6 damage)
             ... on level 3 of the Dungeon.
             The game lasted 00:03:38 (2185 turns).

KristoblXynda the Slasher (Draconian Skald)         Turns: 2185, Time: 00:03:39

Health: -4/36      AC:  5    Str: 13    XL:     4   Next: 87%
Magic:  5/7        EV: 12    Int: 15    God:
Gold:   89         SH:  0    Dex: 10    Spells: 3/7 levels left

rFire    . . .     SeeInvis .   a - +0 falchion
rCold    . . .     Gourm    .   (no shield)
rNeg     . . .     Faith    .   (armour unavailable)
rPois    .         Spirit   .   (helmet restricted)
rElec    .         Reflect  .   (no cloak)
rCorr    .         Harm     .   (no gloves)
MR       .....                  (no boots)
Stlth    +.........             (no amulet)
HPRegen  0.12/turn              (no ring)
MPRegen  0.10/turn              (no ring)

@: infused
A: unfitting armour, cold-blooded, AC +5
a: no special abilities


You were on level 3 of the Dungeon.
You were not hungry.

You visited 1 branch of the dungeon, and saw 3 of its levels.

You collected 89 gold pieces.

Inventory:

Hand Weapons
 a - a +0 falchion (weapon)
Wands
 j - a wand of polymorph (12)
Scrolls
 b - 2 scrolls of teleportation
 g - 2 scrolls of immolation
 h - a scroll of noise {unknown}
 i - a scroll of identify
 k - a scroll of amnesia {unknown}
Potions
 d - a potion of heal wounds
 e - 2 potions of ambrosia
 l - a potion of mutation {unknown}
Comestibles
 c - 4 rations
 f - 2 chunks of flesh


   Skills:
 - Level 2.1 Fighting
 * Level 3.9 Long Blades
 + Level 3.0 Dodging
 - Level 2.0 Spellcasting
 + Level 3.4 Charms


You had 3 spell levels left.
You knew the following spells:

 Your Spells              Type           Power        Failure   Level  Hunger
a - Infusion              Chrm           ##..         5%          1    #......
b - Regeneration          Chrm/Necr      #.........   32%         3    ###....

Your spell library contained the following spells:

 Spells                   Type           Power        Failure   Level  Hunger
 Song of Slaying          Chrm           ##......     9%          2    ###....
 Shroud of Golubria       Chrm/Tloc      #.....       17%         2    ###....
 Spectral Weapon          Hex/Chrm       #.......     32%         3    ###....


Dungeon Overview and Level Annotations

Branches:
Dungeon (3/15)

Altars:


Innate Abilities, Weirdness & Mutations

Your plain brown scales are hard. (AC +5)
You cannot fit into any form of body armour.
You are cold-blooded and may be slowed by cold attacks.


Message History

You closely miss the orc.
Your tail-slap misses the orc.
The orc hits you but does no damage.
You slash the orc!
You kill the orc!
You hit the orc but do no damage.
The orc is lightly wounded.
The orc hits you with a +0 mace of protection!
You hit the orc.
You kill the orc!
Your Dodging skill increases to level 3!
You barely miss the orc. The orc closely misses you.
You hit the orc!
You tail-slap the orc, but do no damage.
The orc is almost dead.
The orc hits you with a +0 flail!
* * * LOW HITPOINT WARNING * * *
You closely miss the orc.
The orc is almost dead.
The orc hits you with a +0 flail.
You die...

♣#o..## ..#..# .##.
#.# #. ..# # .... #.#
##.#.#.# .### #.#
#.#.#.## #.# #..b...#
#.# #o# #.# #o# #.#
#@# #
####.#######.#..#
#####.........).....#
......>.....#########
#####.#######
.....).# #####..#
#..# #..#


You could see 2 orcs and a bat.

Vanquished Creatures
  An orc wizard (D:3)
  2 adders (D:2)
  An ooze (D:1)
  2 worms
  2 dart slugs
  5 orcs (D:3)
  5 giant cockroaches
  7 goblins
  9 hobgoblins
  7 jackals (D:2)
  5 bats
  7 frilled lizards
  5 kobolds
  6 rats
64 creatures vanquished.

Notes
Turn   | Place    | Note
-------+----------+-------------------------------------------
     0 | D:1      | KristoblXynda the Draconian Skald began the quest for the
                  | Orb.
     0 | D:1      | Reached XP level 1. HP: 17/17 MP: 3/3
   139 | D:1      | Reached XP level 2. HP: 21/24 MP: 5/5
   749 | D:1      | Reached XP level 3. HP: 25/29 MP: 6/6
  1333 | D:2      | Learned a level 3 spell: Regeneration
  1437 | D:2      | Reached XP level 4. HP: 36/36 MP: 7/7
  2185 | D:3      | Slain by an orc

Levels and vault maps discovered:
D:1:      ebering_trefoil_3fold, layout_basic
D:2:      layout_loops_corners, minivault_24
D:3:      layout_loops_ring, fedhas_altar_fruit_tree, uniq_terence

Skill      XL: |  1  2  3  4 |
---------------+-------------+-----
Charms         | 3 |  3.4
Long Blades    | 3 |  3.9
Dodging        | 3 |  3.0
Fighting       | |  2.1
Spellcasting   | |  2.0

Action                   |  1- 3 |  4- 6 || total
-------------------------+-------+-------++-------
Melee: Falchion          |   100 |    93 ||   193
       Tailslap          |     9 |    11 ||    20
 Cast: Infusion          |     2 |     2 ||     4
  Use: Scroll            |       |     4 ||     4
 Stab: Sleeping          |     2 |       ||     2
  Eat: Chunk             |     2 |     1 ||     3
       Ration            |       |     1 ||     1
Armor: Skin              |    33 |    30 ||    63
Dodge: Dodged            |    66 |    69 ||   135
       Rpst.: Falchion   |    25 |    24 ||    49

Table legend:
 A = Non-vault XP
 B = Vault XP
 C = Vault XP percentage of total XP
 D = Non-vault monster count
 E = Vault monster count
 F = Vault count percentage of total count
                 A         B        C        D         E       F
            +---------+---------+-------+---------+---------+-------
      Total |     184 |       0 |   0.0 |      64 |       0 |   0.0
            +---------+---------+-------+---------+---------+-------
        D:1 |      41 |       0 |   0.0 |      21 |       0 |   0.0
        D:2 |      68 |       0 |   0.0 |      25 |       0 |   0.0
        D:3 |      75 |       0 |   0.0 |      18 |       0 |   0.0
            +---------+---------+-------+---------+---------+-------
